AoeStats
← Kerry Kachota

Arena

510308889Analyzed
1v1 RM · 18h ago on Sep 30, 2026· 25m 28s· 2 players
Game mode
Random Map
Map size
Tiny (2 player)
Population
200
Speed
Normal
Resources
Standard
Victory
Conquest
Starting age
Dark Age
Ending age
Imperial Age
RankedLock teamsTeams togetherTeam positionsShared explorationLock speedFull tech treeHidden civsTurbo modeCheats
Victory
Defeat
🇪🇸 Britons · Spain
718
+16
🇦🇷 Bohemians · Argentina
712
-16
Kerry Kachota
10:51 Feudal Age
12:10 Wheelbarrow
15:54 Castle Age
16:23 Double-Bit Axe
17:19 Wheelbarrow
17:38 Bow Saw
17:48 Fletching
17:57 Pikeman
18:03 Crossbowman
20:39 Hand Cart
DavidZ
1:52 Loom
11:07 Feudal Age
11:49 Man-at-Arms
15:52 Double-Bit Axe
22:04 Castle Age
22:14 Crossbowman
23:43 Fletching
Connection lost

Rejoining the realm…

Still unreachable

The connection could not be restored.

Session expired

The server has moved on; the page needs a fresh start.